 Dungeon Crawl Stone Soup version 0.31-a0-229-g1fc7ce93e2 (webtiles) character file.

Game seed: 16594077586571382273

39 qw the Shooter (level 3, 0/29 HPs)
             Began as a Minotaur Hexslinger on July 6, 2023.
             Slain by an orc
             ... wielding a +0 club
              (4 damage)
             ... on level 2 of the Dungeon.
             The game lasted 00:00:22 (950 turns).

qw the Shooter (Minotaur Hexslinger)                 Turns: 950, Time: 00:00:23

Health: 0/29       AC:  3    Str: 12    XL:     3   Next: 26%
Magic:  3/3        EV: 12    Int: 10    God:
Gold:   23         SH:  0    Dex: 14    Spells: 3/4 levels left

rFire   . . .        Y - +1 sling
rCold   . . .        (no shield)
rNeg    + . .        d - +0 leather armour
rPois   .            (helmet restricted)
rElec   .            (no cloak)
rCorr   .            (no gloves)
SInv    .            (no boots)
Will    .....        (no amulet)
Stlth   +            e - ring of positive energy
HPRegen 0.24/turn    (no ring)
MPRegen 0.08/turn

%: no passive effects
@: no status effects
A: horns 2, retaliatory headbutt
a: no special abilities


You were on level 2 of the Dungeon.
You visited 1 branch of the dungeon, and saw 2 of its levels.

You collected 23 gold pieces.


Innate Abilities, Weirdness & Mutations

You have a pair of horns on your head.
You reflexively headbutt those who attack you in melee.


   Skills:
 - Level 2.0 Fighting
 + Level 3.8 Ranged Weapons
 - Level 2.1 Dodging
 - Level 1.0 Spellcasting
 - Level 2.0 Hexes


You had 3 spell levels left.
You knew the following spells:

 Your Spells              Type           Power      Damage    Failure   Level
a - Slow                  Hex            16%        N/A       19%         1

Your spell library contained the following spells:

 Spells                   Type           Power      Damage    Failure   Level
 Inner Flame              Hex/Fire       2%         N/A       65%         3
 Portal Projectile        Hex/Tloc       4%         N/A       65%         3
 Cause Fear               Hex            2%         N/A       88%         4

Inventory:

Hand Weapons
 Y - a +1 sling (weapon)
Armour
 d - a +0 leather armour (worn)
Jewellery
 e - a ring of positive energy (left hand)

Dungeon Overview and Level Annotations

Branches:
Dungeon (2/15)

Altars:


Message History

You shoot a sling bullet. The sling bullet hits the orc.
The orc is lightly wounded.
An orc comes into view. It is wielding a +0 club.
You shoot a sling bullet. The sling bullet barely misses the orc.
You shoot a sling bullet. The sling bullet barely misses the orc.
The sling bullet hits the orc.
The orc is lightly wounded.
The orc hits you with a +0 falchion.
You shoot a sling bullet.
The sling bullet hits the orc but does no damage.
The orc is lightly wounded.
The orc hits you but does no damage.
You shoot a sling bullet.
The sling bullet closely misses the orc.
The orc hits you with a +0 club. The orc barely misses you.
You shoot a sling bullet.
The sling bullet closely misses the orc.
An orc comes into view. It is wielding a +0 falchion.
The orc hits you but does no damage. The orc hits you with a +0 falchion.
You shoot a sling bullet. The sling bullet barely misses the orc.
The orc misses you. The orc hits you with a +0 falchion.
The orc barely misses you. The orc hits you with a +0 club.
You shoot a sling bullet.
The sling bullet closely misses the orc.
The orc hits you with a +0 club. The orc barely misses you.
You shoot a sling bullet. The sling bullet hits the orc.
The orc is almost dead.
The orc hits you with a +0 club. The orc hits you with a +0 falchion.
You shoot a sling bullet. The sling bullet hits the orc.
You kill the orc!
The orc closely misses you.
You shoot a sling bullet. The sling bullet hits the orc.
The orc is lightly wounded.
The orc hits you with a +0 falchion. The orc closely misses you.
You furiously retaliate!
You headbutt the orc. The orc hits you with a +0 club.
The orc barely misses you.
You shoot a sling bullet. The sling bullet barely misses the orc.
The orc barely misses you. You furiously retaliate!
You headbutt the orc, but do no damage. The orc hits you with a +0 club.
You die...

#.......+..#
#........)#
#######..##
###..##
##...++
#.....##
#.###..## #.
#...## .
#.#@o# #
...#.o.#
#####.##...
..# .##.#
### #


You could see 2 orcs.

Vanquished Creatures
  An orc (D:2)
  4 bats (D:1)
  An endoplasm (D:1)
  A giant cockroach (D:1)
  3 hobgoblins
  10 jackals (D:1)
  3 quokkas (D:1)
  A frilled lizard (D:1)
  3 goblins (D:1)
  2 kobolds
  A rat (D:1)
30 creatures vanquished.

Notes
Turn   | Place    | Note
-------+----------+-------------------------------------------
     0 | D:1      | qw the Minotaur Hexslinger began the quest for the Orb.
     0 | D:1      | Reached XP level 1. HP: 16/16 MP: 1/1
     0 | D:1      | 0 ||| qw: Version: 0.3-a-46-gb1f654a
     0 | D:1      | 0 ||| qw: Game counter: 1711
     0 | D:1      | 0 ||| qw: Melee chars always use a shield: true
     0 | D:1      | 0 ||| qw: God list: Okawaru
     0 | D:1      | 0 ||| qw: Allow faded altars: false
     0 | D:1      | 0 ||| qw: Do Orc after clearing Dungeon:15 true
     0 | D:1      | 0 ||| qw: Do second Lair branch before Depths: true
     0 | D:1      | 0 ||| qw: Lair rune preference: random
     0 | D:1      | 0 ||| qw: Goals: Normal
     0 | D:1      | 0 ||| PLANNING D:1-11
   150 | D:1      | Reached skill level 3 in Ranged Weapons
   174 | D:1      | Reached XP level 2. HP: 22/23 MP: 2/2
   575 | D:1      | Reached XP level 3. HP: 22/29 MP: 3/3
   869 | D:1      | 869 ||| UPGRADING to +0 leather armour.
   879 | D:1      | 879 ||| DROPPING +0 robe.
   880 | D:1      | 880 ||| UPGRADING to ring of positive energy.
   881 | D:1      | 881 ||| READING scroll labelled MYBECWIOHO.
   882 | D:1      | 882 ||| DRINKING 2 fuming yellow potions.
   899 | D:1      | 899 ||| DROPPING scroll of poison.
   900 | D:1      | 900 ||| DROPPING potion of lignification.
   949 | D:2      | HP: 7/29 [orc/+0 falchion (4)]
   950 | D:2      | Slain by an orc

Levels and vault maps discovered:
D:1:      lemuel_arrival_behind_the_door_small, layout_basic,
          minmay_misc_feat_rugged
D:2:      layout_basic, basic_altar, hellmonk_ecumenical_altar_inner_sanctum,
          grunt_decor_arrowhead

Skill      XL: |  1  2 |
---------------+-------+-----
Ranged Weapons | 3 |  3.8
Fighting       | 2 |  2.0
Dodging        | |  2.1
Spellcasting   | |  1.0
Hexes          | |  2.0

Action                     || total
---------------------------++-------
   Fire: Sling             ||   104
    Use: Scroll            ||     1
         Potion            ||     1
 Armour: Robe              ||    11
         Leather armour    ||     2
  Dodge: Dodged            ||    57

Table legend:
 A = Non-vault XP
 B = Vault XP
 C = Vault XP percentage of total XP
 D = Non-vault monster count
 E = Vault monster count
 F = Vault count percentage of total count
                 A         B        C        D         E       F
            +---------+---------+-------+---------+---------+-------
      Total |      56 |       0 |   0.0 |      30 |       0 |   0.0
            +---------+---------+-------+---------+---------+-------
        D:1 |      49 |       0 |   0.0 |      27 |       0 |   0.0
        D:2 |       7 |       0 |   0.0 |       3 |       0 |   0.0
            +---------+---------+-------+---------+---------+-------
